 Dungeon Crawl Stone Soup version 0.27.0-1-g7a089689b8 (webtiles) character file.

Game seed: 3112472246039202737

2442 dtburroughs the Chopper (level 9, -1/77 (81) HPs)
             Began as a Minotaur Berserker on Aug 9, 2021.
             Was a Believer of Trog.
             Slain by a wight (5 damage)
             ... on level 7 of the Dungeon.
             The game lasted 00:09:14 (6864 turns).

dtburroughs the Chopper (Minotaur Berserker)        Turns: 6864, Time: 00:09:15

HP:   -1/77 (81)    AC: 15    Str: 21    XL:     9   Next: 25%
MP:   8/8           EV:  8    Int:  7    God:    Trog [**....]
Gold: 306           SH:  0    Dex: 11    Spells: 8/8 levels left

rFire    . . .     SeeInvis +   s - +0 war axe
rCold    . . .     Faith    +   (no shield)
rNeg     . . .     Spirit   .   C - +0 plate armour
rPois    .         Reflect  .   (helmet restricted)
rElec    .         Harm     .   x - +0 cloak
rCorr    .         Rampage  .   l - +0 pair of gloves
Will     .....                  (no boots)
Stlth    ..........             j - amulet of faith
HPRegen  0.22/turn              z - ring of see invisible
MPRegen  0.11/turn              (no ring)

@: on berserk cooldown, flying, slowed, lightly drained, very slow
A: horns 2, retaliatory headbutt
a: Renounce Religion, Berserk, Trog's Hand


You were on level 7 of the Dungeon.
You worshipped Trog.
Trog was pleased with you.
You visited 1 branch of the dungeon, and saw 8 of its levels.

You collected 306 gold pieces.

Inventory:

Hand Weapons
 s - a +0 war axe (weapon)
 v - a +1 flail of venom
Armour
 a - the +5 ring mail of the Game Afoot {rCorr Int+2 Slay+3}
   (You found it on level 7 of the Dungeon)

   Int:       It affects your intelligence (+2).
   Slay:      It affects your accuracy & damage with ranged weapons and melee
   (+3).
   rCorr:     It protects you from acid and corrosion.
 l - a +0 pair of gloves (worn)
 x - a +0 cloak (worn)
 C - a +0 plate armour (worn)
Jewellery
 j - an amulet of faith (around neck)
 z - a ring of see invisible (left hand)
 B - an amulet of guardian spirit
Wands
 m - a wand of charming (9)
 y - a wand of flame (25)
Scrolls
 c - 5 scrolls of teleportation
 e - a scroll of identify
 f - 2 scrolls of holy word
 g - 3 scrolls of fog
 k - a scroll of enchant weapon {unknown}
 q - a scroll of noise {unknown}
 w - a scroll of magic mapping {unknown}
 A - a scroll of acquirement {unknown}
Potions
 d - 2 potions of lignification
 i - a potion of haste {unknown}
 n - a potion of might {unknown}
 r - a potion of berserk rage {unknown}
 t - a potion of heal wounds {unknown}
 u - a potion of flight


   Skills:
 + Level 7.8 Fighting
 + Level 7.8 Axes
 + Level 7.2 Armour
 + Level 6.5 Dodging
 + Level 4.3 Evocations


You had 8 spell levels left.
You didn't know any spells.
Your spell library was empty.

Dungeon Overview and Level Annotations

Branches:
Dungeon (8/15)             Temple (0/1) D:4
   Lair: D:8-11

Altars:
Ashenzari
Qazlal


Innate Abilities, Weirdness & Mutations

You have a pair of horns on your head.
You reflexively headbutt those who attack you in melee.


Message History

Found a gluggy blue potion.
A wight comes into view. It is wielding a +0 short sword.
You feel your anger nearly subside.
A wight comes into view.
It is wielding a +2 great sword of freezing.
You are no longer berserk.
You are exhausted.
You feel yourself slow down. The wight hits you with a +2 mace.
The wight hits you with a +2 great sword of freezing.
You feel drained. The wight freezes you. The wight barely misses you.
The wight hits you but does no damage. The wight barely misses you.
You furiously retaliate!
You headbutt the wight. The wight hits you with a +2 mace.
* * * LOW HITPOINT WARNING * * *
You feel drained.
* * * LOW HITPOINT WARNING * * *
There is a stone staircase leading up here.
The wight hits you with a +2 mace.
* * * LOW HITPOINT WARNING * * *
You feel drained.
The wight hits you with a +2 great sword of freezing!
* * * LOW HITPOINT WARNING * * *
The wight freezes you.
* * * LOW HITPOINT WARNING * * *
The wight barely misses you. x2; You furiously retaliate!
You headbutt the wight.
The wight hits you with a +2 great sword of freezing.
* * * LOW HITPOINT WARNING * * *
The wight freezes you.
* * * LOW HITPOINT WARNING * * *
You climb upwards.
You hear the hiss of flowing sand.
There is an entrance to an ossuary on this level.
Hurry and find it before the portal is buried!
You hear the slow hiss of an avalanche of sand nearby.
There is a stone staircase leading down here.
Okay, then.
It was a potion of flight.
You feel very buoyant.
You fly up into the air.
The wight hits you with a +2 mace.
You die...

#.......
o###.... #...
...§.... #...
z.......
#...##
o§..§...
#....#
o###§§##
#....# )# #.#
..##....# ##
.# ......z.##
# #..z@.# #
####...
#...#z##..#
.....#
#.....##<...#
###### ##.##.
###..# # # #
..# # .# #


You could see 3 wights.

Vanquished Creatures
  A rime drake (shapeshifter) (D:8)
  Sigmund (D:6)
  6 yaks
  A steam dragon (D:8)
  Menkaure (D:4)
  Edmund (D:5)
  An orc warrior (D:6)
  An ogre (D:6)
  Blork the orc (D:5)
  A wyvern skeleton (D:6)
  A water moccasin skeleton (D:6)
  A howler monkey (D:6)
  A centaur zombie (D:5)
  2 orc priests
  3 hounds
  Crazy Yiuf (D:5)
  3 iguanas
  A hound zombie (D:5)
  4 adders
  A howler monkey skeleton (D:4)
  A shadow imp (D:8)
  A white imp (D:5)
  An ufetubus (D:6)
  4 dart slugs
  14 orcs
  5 endoplasms
  3 giant cockroaches (D:2)
  7 goblins
  3 hobgoblins
  7 jackals
  2 quokkas (D:1)
  3 ball pythons
  4 bats
  A frilled lizard (D:2)
  9 kobolds
  4 rats
102 creatures vanquished.

Vanquished Creatures (others)
  An orc (D:7)
  3 plants (D:1)
4 creatures vanquished.

Grand Total: 106 creatures vanquished

Notes
Turn   | Place    | Note
-------+----------+-------------------------------------------
     0 | D:1      | dtburroughs the Minotaur Berserker began the quest for the
                  | Orb.
     0 | D:1      | Reached XP level 1. HP: 19/19 MP: 0/0
    73 | D:1      | Reached XP level 2. HP: 23/27 MP: 1/1
   851 | D:2      | Reached XP level 3. HP: 31/33 MP: 2/2
  1211 | D:2      | Reached ** piety under Trog
  1471 | D:3      | Reached XP level 4. HP: 31/41 MP: 3/3
  1619 | D:3      | Found a faded altar of an unknown god.
  2066 | D:3      | Reached XP level 5. HP: 47/47 MP: 4/4
  2098 | D:3      | Found a broken altar of Ashenzari.
  2842 | D:4      | Found a staircase to the Ecumenical Temple.
  3123 | D:4      | Noticed Menkaure
  3167 | D:4      | Killed Menkaure
  3168 | D:4      | Reached skill level 5 in Fighting
  3168 | D:4      | Reached skill level 5 in Axes
  3168 | D:4      | Reached skill level 1 in Evocations
  3168 | D:4      | Reached XP level 6. HP: 56/56 MP: 5/5
  4002 | D:5      | Entered Level 5 of the Dungeon
  4026 | D:5      | Noticed Blork the orc
  4044 | D:5      | Killed Blork the orc
  4572 | D:5      | Noticed Edmund
  4578 | D:5      | Killed Edmund
  4579 | D:5      | Reached XP level 7. HP: 61/61 MP: 6/6
  4896 | D:5      | Reached skill level 5 in Armour
  5060 | D:5      | Found a runed translucent door.
  5061 | D:5      | Noticed Crazy Yiuf
  5263 | D:5      | Killed Crazy Yiuf
  5645 | D:6      | Noticed Sigmund
  5663 | D:6      | Killed Sigmund
  5718 | D:6      | Reached skill level 5 in Dodging
  5800 | D:6      | Found a stormy altar of Qazlal.
  5839 | D:6      | Reached XP level 8. HP: 70/70 MP: 7/7
  6308 | D:5      | Reached XP level 9. HP: 13/79 MP: 8/8
  6828 | D:7      | Identified the +5 ring mail of the Game Afoot {rCorr Int+2
                  | Slay+3}
  6837 | D:8      | Noticed a cane toad
  6837 | D:8      | a blink frog changed into a cane toad
  6839 | D:8      | Noticed a rime drake
  6839 | D:8      | a cane toad changed into a rime drake
  6844 | D:8      | Killed a rime drake
  6864 | D:7      | Slain by a wight

Illustrated notes

Levels and vault maps discovered:
D:1:      amcnicky_arrival_blooded_trapdoor, layout_rooms, serial_forest,
          infiniplex_forest_straight_3, infiniplex_forest_end_3,
          infiniplex_forest_lined_corner, infiniplex_forest_clump_long,
          infiniplex_forest_fountain, infiniplex_forest_join,
          infiniplex_forest_straight_4, infiniplex_forest_clump_cross
D:2:      layout_rooms
D:3:      layout_basic, mainiacjoe_overflow_six_doors_small,
          ebering_ecumenical_altar_abandoned, chequers_serial_rivers_small_b,
          serial_bayou_crossing
D:4:      layout_layer_cave, minmay_temple_entry_statues_pillars, uniq_menkaure
D:5:      layout_loops_corners, uniq_blork_the_orc, uniq_crazy_yiuf_cottage,
          uniq_edmund
D:6:      layout_loops_ring, mainiacjoe_overflow_catwalk, uniq_sigmund
D:7:      minmay_bubble_buster, layout_rooms, cheibrodos_worm_habitat,
          serial_curves, eino_curves_01, eino_curves_01,
          lightli_ossuary_entry_decrepit_ruins
D:8:      cheibrodos_helix_gallery, layout_basic, vehumet_crystals,
          serial_curves, eino_curves_04, eino_curves_02

Skill      XL: |  1  2  3  4  5  6  7  8  9 |
---------------+----------------------------+-----
Fighting       | 4 5 6 7 |  7.8
Axes           | 4 5 6 7 |  7.8
Armour         | 3 4 5 6 7 |  7.2
Dodging        | 3 4 5 6 |  6.5
Evocations     | 1 2 4 |  4.3

Action                   |  1- 3 |  4- 6 |  7- 9 || total
-------------------------+-------+-------+-------++-------
Melee: Hand axe          |    66 |    92 |       ||   158
       Headbutt          |    16 |    29 |    26 ||    71
       War axe           |       |    20 |    95 ||   115
Invok: Trog's Hand       |       |     2 |     4 ||     6
       Berserk           |       |     3 |     6 ||     9
  Use: Scroll            |       |       |     4 ||     4
       Potion            |       |       |     1 ||     1
Armor: Animal skin       |    21 |     1 |       ||    22
       Ring mail         |       |    37 |    16 ||    53
       Plate armour      |       |       |    30 ||    30
Dodge: Dodged            |    58 |    46 |    44 ||   148
